 Seeded DCSS version 0.28.0-43-g3370ac3207 (webtiles) character file.

Game seed: 12420105097104417762 (custom seed)

1884 RascalDebosk the Skirmisher (level 8, -5/73 HPs)
             Began as a Minotaur Fighter on Mar 25, 2022.
             Was an Initiate of Gozag.
             Slain by Maggie
             ... wielding a +0 morningstar
              (12 damage)
             ... on level 6 of the Dungeon.
             The game lasted 00:26:24 (5243 turns).

RascalDebosk the Skirmisher (Minotaur Fighter)      Turns: 5243, Time: 00:26:25

Health: -5/73      AC:  0    Str: 23    XL:     8   Next: 92%
Magic:  7/7        EV: 17    Int:  5    God:    Gozag
Gold:   123        SH:  0    Dex: 15    Spells: 7/7 levels left

rFire   . . .      SeeInvis .   (weapon currently unavailable)
rCold   . . .      Faith    .   (shield currently unavailable)
rNeg    . . .      Spirit   .   (armour currently unavailable)
rPois   .          Reflect  .   (helmet currently unavailable)
rElec   .          Harm     .   (cloak currently unavailable)
rCorr   .          Rampage  .   (gloves currently unavailable)
Will    .....                   (boots currently unavailable)
Stlth   +.........              (no amulet)
HPRegen 0.22/turn               (ring currently unavailable)
MPRegen 0.10/turn               (ring currently unavailable)

@: bat-form, flying, mesmerised, very quick
A: fast, flying, no casting, tiny, (horns 2), (retaliatory headbutt)
a: Renounce Religion, Potion Petition, Call Merchant, Bribe Branch


You were on level 6 of the Dungeon.
You worshipped Gozag.
Gozag was aware of your devotion.
You were a bat.
You visited 2 branches of the dungeon, and saw 7 of its levels.

You collected 170 gold pieces.
You paid 47 gold pieces to Gozag.

Inventory:

Hand Weapons
 a - a +1 war axe (melded)
Missiles
 h - 86 stones (quivered)
 s - 7 poisoned darts
Armour
 b - a +0 scale mail (melded)
 c - a +0 buckler (melded)
 f - a +0 pair of boots of flying (melded)
 t - a +1 pair of gloves (melded)
Jewellery
 k - a ring of poison resistance (melded)
 r - a +6 ring of strength (melded)
Scrolls
 e - 2 scrolls of vulnerability
 o - 3 scrolls of teleportation
Potions
 d - 3 potions of might
 g - a potion of curing
 i - 2 potions of berserk rage
 j - a potion of lignification {unknown}
 n - a potion of flight {unknown}
 p - a potion of resistance {unknown}


   Skills:
 + Level 7.2 Fighting
 + Level 6.6 Axes
 + Level 5.0 Throwing
 + Level 7.1 Armour
 + Level 7.2 Shields


You had 7 spell levels left.
You didn't know any spells.
Your spell library was empty.

Dungeon Overview and Level Annotations

Branches:
Dungeon (6/15)             Temple (1/1) D:5

Altars:
Ashenzari
Cheibriados
Dithmenos
Elyvilon
Fedhas
Gozag
Kikubaaqudgha
Makhleb
Nemelex Xobeh
Okawaru
Qazlal
Ru
Sif Muna
Trog
Uskayaw
Vehumet
Xom
Yredelemnul
Zin
The Shining One

Annotations:
D:3 1 runed translucent door, cbfl8's ghost, amateur MiDe
D:6 Maggie


Innate Abilities, Weirdness & Mutations

You are a bat.
You are tiny and dextrous.
You move quickly.
You are flying.
Your equipment is almost entirely melded.
You are incapable of wielding weapons or throwing items.
You cannot cast spells.
((You have a pair of horns on your head.))
((You reflexively headbutt those who attack you in melee.))


Message History

Maggie is lightly wounded.
Maggie misses you. The bullfrog hits you.
You barely miss Maggie.
Maggie is lightly wounded.
Maggie completely misses you. The bullfrog hits you.
* * * LOW HITPOINT WARNING * * *
You hit Maggie but do no damage.
Maggie is lightly wounded.
The bullfrog closely misses you.
Maggie gestures wildly while chanting.
Maggie attempts to bespell you!
You are mesmerised by Maggie!
You hit Maggie but do no damage.
Maggie is lightly wounded.
The bullfrog barely misses you. Maggie hits you with a +0 morningstar.
* * * LOW HITPOINT WARNING * * *
The bullfrog closely misses you.
You hit Maggie.
Maggie is lightly wounded.
The bullfrog hits you!
* * * LOW HITPOINT WARNING * * *
Maggie gives herself a magical halo, but it quickly sputters out.
Maggie barely misses you.
You hit Maggie but do no damage.
Maggie is lightly wounded.
The bullfrog completely misses you. Maggie misses you.
You hit Maggie but do no damage.
Maggie is lightly wounded.
The bullfrog barely misses you. The bullfrog misses you.
You hit Maggie but do no damage.
Maggie is lightly wounded.
Maggie gestures wildly while chanting.
Maggie draws you further into her thrall.
The bullfrog hits you.
* * * LOW HITPOINT WARNING * * *
You hit Maggie.
Maggie is lightly wounded.
Maggie hits you with a +0 morningstar!
You die...
Your body crumbles into a pile of gold.

........#
........ .##
##......
....#......#
..?.#.:....####
#............#
##....@.).....
.#.....bF....#
.............#
.......<....##
.............#
...............
...............
...............
$
.#.##..........
... ##.........


You could see Maggie (mesmerising) and a bullfrog.

Vanquished Creatures
  A hornet (D:5)
  Grinder (D:5)
  A water moccasin (D:5)
  A necrophage (D:5)
  An ogre (D:5)
  A centaur (D:5)
  2 phantoms (D:5)
  A scorpion (D:5)
  2 water moccasin skeletons
  2 water moccasin zombies (D:4)
  A centaur zombie (D:5)
  2 jellies (D:4)
  An orc priest (D:5)
  5 hounds
  An iguana (D:5)
  A bullfrog skeleton (D:5)
  Terence (D:2)
  5 orc wizards
  A killer bee zombie (D:5)
  A howler monkey zombie (D:4)
  4 gnolls
  8 adders
  An ufetubus (D:3)
  2 adder zombies (D:4)
  4 adder skeletons (D:4)
  A worm (D:2)
  8 orcs
  2 endoplasms
  A giant cockroach (D:4)
  6 goblins
  6 hobgoblins
  9 kobolds
  2 quokkas
  3 ball pythons
  3 bats
  2 frilled lizards
  3 rats
97 creatures vanquished.

Vanquished Creatures (collateral kills)
  A scorpion zombie (D:4)
  An orc (D:4)
2 creatures vanquished.

Vanquished Creatures (others)
  6 plants (D:5)
6 creatures vanquished.

Grand Total: 105 creatures vanquished

Notes
Turn   | Place    | Note
-------+----------+-------------------------------------------
     0 | D:1      | RascalDebosk the Minotaur Fighter began the quest for the
                  | Orb.
     0 | D:1      | Reached XP level 1. HP: 19/19 MP: 0/0
   351 | D:1      | Reached XP level 2. HP: 27/27 MP: 1/1
   551 | D:1      | Identified a scroll of acquirement
   551 | D:1      | Acquired a +0 pair of boots of flying
   933 | D:2      | Found a faded altar of an unknown god.
  1043 | D:2      | Noticed Terence
  1049 | D:2      | Killed Terence
  1050 | D:2      | Reached skill level 1 in Throwing
  1050 | D:2      | Reached XP level 3. HP: 33/33 MP: 2/2
  1716 | D:3      | Reached XP level 4. HP: 38/40 MP: 3/3
  1832 | D:3      | Found a runed translucent door.
  1832 | D:3      | Noticed cbfl8's ghost (amateur MiDe)
  1916 | D:3      | Reached XP level 5. HP: 45/47 MP: 4/4
  2367 | D:4      | Reached XP level 6. HP: 43/55 MP: 5/5
  2483 | D:4      | Reached skill level 5 in Fighting
  2483 | D:4      | Reached skill level 5 in Armour
  2483 | D:4      | Reached skill level 5 in Shields
  3089 | D:4      | Reached XP level 7. HP: 42/61 MP: 6/6
  3294 | D:5      | Entered Level 5 of the Dungeon
  3338 | D:5      | Reached skill level 5 in Axes
  3338 | D:5      | Found a burning altar of Makhleb.
  3338 | D:5      | Found a glowing golden altar of the Shining One.
  3465 | D:5      | Found a faded altar of an unknown god.
  3467 | D:5      | Found a white marble altar of Elyvilon.
  3468 | D:5      | Found a faded altar of an unknown god.
  3498 | D:5      | Found a glowing silver altar of Zin.
  3646 | D:5      | Noticed Grinder
  3652 | D:5      | Killed Grinder
  3653 | D:5      | Reached XP level 8. HP: 70/70 MP: 7/7
  4302 | D:5      | Found a staircase to the Ecumenical Temple.
  4763 | D:5      | Noticed a hornet
  4772 | D:5      | Killed a hornet
  4773 | D:5      | Reached skill level 5 in Throwing
  5037 | Temple   | Entered the Ecumenical Temple
  5183 | Temple   | Became a worshipper of Gozag Ym Sagoz the Greedy
  5215 | D:6      | Noticed Maggie
  5243 | D:6      | Slain by Maggie

Illustrated notes

Levels and vault maps discovered:
D:1:      roderic_chinese_lattice_arrival, layout_loops_cross
D:2:      layout_loops_corners, hellmonk_ecumenical_altar_inner_sanctum,
          uniq_terence
D:3:      layout_rooms, hellmonk_ghost_happy_afterlife
D:4:      layout_cave_pools, serial_undead, serial_undead_e, serial_undead_c,
          serial_undead_d, serial_undead_b
D:5:      minmay_skewed_foursquare, layout_loops_ring,
          mainiacjoe_overflow_paths, chequers_temple_overflow_minitemple,
          serial_bayou_ford_a, roderic_lattice_a, uniq_grinder
D:6:      layout_cave_pools, biasface_ghost_orc_armoury, serial_shops, shop,
          uniq_maggie, uniq_eustachio, uniq_blork_the_orc
Temple:   regret_index_temple_sphere_string

Skill      XL: |  1  2  3  4  5  6  7  8 |
---------------+-------------------------+-----
Fighting       | 4 5 6 7 |  7.2
Axes           | 3 4 5 6 |  6.6
Throwing       | 1 2 3 5 |  5.0
Armour         | 4 5 6 7 |  7.1
Shields        | 4 5 6 7 |  7.2

Action                   |  1- 3 |  4- 6 |  7- 9 || total
-------------------------+-------+-------+-------++-------
Melee: War axe           |    61 |   102 |   106 ||   269
       Headbutt          |     7 |    12 |    16 ||    35
       Unarmed           |       |       |    20 ||    20
Throw: Stone             |     8 |     4 |     9 ||    21
       Throwing net      |       |       |     1 ||     1
  Use: Scroll            |     1 |    11 |     1 ||    13
       Potion            |       |     1 |     1 ||     2
 Stab: Held in net/web   |       |       |     1 ||     1
Armor: Scale mail        |    29 |    72 |    36 ||   137
Dodge: Dodged            |    23 |    61 |    79 ||   163
Block: Buckler           |    12 |    22 |    24 ||    58
